[Event "Grand Chess Tour: SuperUnited Rapid & Blitz Croatia 2023"]
[Site "Chess.com"]
[Date "2023.07.09"]
[Round "20"]
[White "Firouzja, Alireza"]
[Black "Nepomniachtchi, Ian"]
[Result "0-1"]
[WhiteElo "2745"]
[BlackElo "2760"]
[ECO "D90"]
[EventDate "2023.??.??"]
[Annotator "rafael"]
[PlyCount "110"]
[Beauty "6669413123594"]
[EventType "blitz"]
[TimeControl "1500+10"]

1.c4 Nf6 2.Nf3 g6 3.Nc3 d5 4.cxd5 Nxd5 {White has many attempts to exploit the Anti-Grunfeld move order employed in the game.} 5.Qb3 ( 5.Qa4+ Nc6 6.Ne5 Qd6 $1 7.Nxc6 Qxc6 8.Qxc6+ bxc6 {with an equal endgame, despite Black's doubled pawns.} ) ( 5.e4 Nxc3 6.dxc3 {is a dull variation that tries to lure the energetic Grunfeld players into boredom, sometimes with success.} ) ( 5.h4 $1 {[%c_effect h4;square;h4;type;GreatFind;persistent;true] is the best move; after all, everybody likes an early h-pawn advance.} ) 5...Nb6 6.d4 Bg7 7.Bf4 O-O ( 7...Be6 {is considered the main move.} ) 8.Rd1 ( 8.e3 {is also popular.} ) 8...Nc6 {8...c6 and 8...a5 are played more often.} 9.d5 ( 9.e3 {is better. White can fight for the advantage since it's not easy for Black to play the e5-break.} ) 9...Na5 10.Qc2 Nac4 {It's not clear whether Black actually threatens ...Nxb2 or not. Positions with three pieces against the queen are not easy to evaluate.} 11.b3 $6 {[%c_effect b3;square;b3;type;Inaccuracy;persistent;true] White loses the initiative after this move.} ( 11.e4 $1 {[%c_effect e4;square;e4;type;GreatFind;persistent;true] is the best way to play.} 11...Bg4 ( 11...Nxb2 12.Rc1 $1 ( 12.Qxb2 {is not so clear:} 12...Na4 13.Nxa4 Bxb2 14.Nxb2 c6 {and it's hard to say who is better.} ) 12...N2c4 13.Bxc4 Nxc4 14.Nb5 {Black loses material.} ) 12.Be2 Bxf3 13.Bxf3 Nxb2 $6 ( 13...Qc8 {is better, followed by ...c7-c6.} ) 14.Qxb2 Na4 15.Nxa4 Bxb2 16.Nxb2 {In this case, the three pieces are better than the queen. This happened in Yagupov-Canbulan, Izmir 2013.} ) 11...Nd6 12.Nd4 $2 ( 12.e4 Bxc3+ 13.Qxc3 Nxe4 14.Qb2 Nf6 {White's compensation for the pawn is not clear.} ) ( 12.Be5 {is better.} ) 12...c6 $1 {[%c_effect c6;square;c6;type;GreatFind;persistent;true] Black has better development and is able to open the position. White is already losing.} 13.dxc6 ( 13.e4 cxd5 14.exd5 ( 14.e5 {is actually the best move, accepting to play a pawn down.} ) 14...Bd7 {Followed by Rc8, with a decisive initiative.} ) 13...e5 $1 14.Ndb5 {Otherwise, White loses a piece.} 14...exf4 15.Nxd6 Qc7 16.Nce4 Bd7 $1 17.Nxb7 Qxc6 18.Qxc6 Bxc6 {The exchange of queens brings no relief. White's pieces are sleeping, and the f4-pawn is annoying, as it makes it even harder for White to finish development.} 19.Nbc5 Rfe8 20.Nd2 Rad8 {This is a position to take a picture. A textbook example of advantage in piece development.} 21.Rc1 Nd5 $1 {[%c_effect d5;square;d5;type;GreatFind;persistent;true] The knight is going to c3.} 22.h4 {A desperate move to develop the rook.} 22...Nc3 23.Rh3 Nxa2 24.Rc4 Bb5 25.Rxf4 Bc3 {White loses material.} 26.Rxc3 Nxc3 27.Nb7 Rd5 28.Rf3 ( 28.e3 Bxf1 29.Nxf1 Rd1# ) 28...Nxe2 ( 28...Bxe2 29.Rxc3 Bxf1+ 30.Kxf1 Rxd2 {is also good.} ) 29.Re3 Rxe3 30.fxe3 Nc3 31.Bc4 Re5 32.Nf3 Rxe3+ 33.Kd2 Re7 34.Na5 Ne4+ 35.Kd3 {Materially Black is completely winning, so his only task is not to blunder anything due to the fast time control.} 35...Nd6 36.Kd4 Be8 37.g4 Kg7 38.Ne5 Rc7 39.Nd3 h5 40.gxh5 gxh5 41.Nf4 Kh6 42.Nd5 Rc8 43.Ke5 Nxc4+ 44.Nxc4 Rb8 45.Nd6 Kg7 46.Nf5+ Kf8 47.Nf6 {Firouzja managed to fight until the end, but it's not nearly enough.} 47...Rb5+ 48.Kf4 Rb6 49.Kg5 Bb5 50.Nh7+ Kg8 51.Nf6+ Kh8 52.Nxh5 Bd3 53.Nd4 Rb4 54.Nc6 ( 54.Nf3 Rb5+ 55.Kg4 Be2 ) 54...Rb5+ 55.Kf6 ( 55.Kg4 Be2+ {wins the knight.} ) 55...Rxh5 0-1

[Event "Match Play"]
[Site "Chess.com"]
[Date "2023.07.25"]
[Round "1"]
[White "Caruana, Fabiano"]
[Black "Dreev, Aleksey"]
[Result "1-0"]
[WhiteElo "2823"]
[BlackElo "2685"]
[ECO "B31"]
[EventDate "2023.??.??"]
[Annotator "rafael"]
[PlyCount "63"]
[Beauty "8248618920990"]
[EventType "game"]
[TimeControl "600+2"]

1.e4 c5 2.Nf3 Nc6 3.Bb5 g6 4.O-O Bg7 5.Re1 Nd4 {A rare move. 5...Nf6 and 5...e5 are the main lines.} 6.Nxd4 cxd4 7.c3 $1 {[%c_effect c3;square;c3;type;GreatFind;persistent;true] White must remove the d4-pawn to develop his pieces to active squares.} 7...a6 8.Bf1 dxc3 $2 {[%c_effect c3;square;c3;type;Mistake;persistent;true] This is not a good idea since White gains a considerable lead in development.} ( 8...d5 {has been tried before, although after} 9.e5 {the bishop is shut off from the game and White is better.} ) ( 8...e6 {is a better option.} ) 9.Nxc3 d6 10.d4 {It's already difficult for Black to bring the pieces into play. White has better development and central control.} 10...Nf6 ( 10...e6 11.Bf4 Ne7 {This was played in Olaffson-Loftsson, Reykjavik 2000. Here White wins a pawn with} 12.Qa4+ Bd7 13.Qb4 ) 11.e5 $1 Ng4 ( 11...dxe5 {also leads to disaster:} 12.dxe5 Qxd1 13.Rxd1 Nd7 14.f4 {with an overwhelming advantage.} ) 12.e6 {A natural move, but there's an even better way to play.} ( 12.h3 Nh6 13.Bg5 $1 d5 14.Qb3 {Black's position collapses.} ) 12...Bxe6 13.Rxe6 Nxf2 {The best attempt.} ( 13...fxe6 {doesn't help:} 14.Qxg4 ) 14.Qe2 ( 14.Kxf2 {is also possible:} 14...fxe6 15.Be3 {with the advantage.} ) 14...fxe6 15.Be3 $1 ( 15.Qxf2 $6 {[%c_effect f2;square;f2;type;Inaccuracy;persistent;true] gives Black counterplay after} 15...Rf8 $1 16.Qe3 Rc8 ) 15...O-O 16.Bxf2 {Positions with two minor pieces against a rook and two pawns are usually difficult to evaluate, but here it's clear that White has a big advantage. Black has weaknesses around the king, and the pieces coordinate well. Black would enjoy some relief with a queen exchange, but this is not easy to achieve.} 16...Qd7 17.g3 {The bishop is ready to go to a better diagonal.} 17...e5 18.dxe5 Bxe5 19.Rd1 Qf5 20.Bg2 Kh8 21.Be4 {Caruana plays safely.} ( 21.Bxb7 {Capturing the pawn is possible since the counterplay is not enough after} 21...Rab8 22.Bd5 ) 21...Qf7 22.Kg2 Rac8 23.Nd5 b5 24.b3 e6 25.Nf4 $1 {[%c_effect f4;square;f4;type;GreatFind;persistent;true] The knight is well placed on f4 and cannot be captured since Black would suffer without the dark-squared bishop.} 25...Rfe8 ( 25...Bxf4 26.gxf4 Qxf4 27.Bg3 {with a winning advantage.} ) 26.h4 ( 26.Qg4 {is also very good.} ) 26...Bg7 {This loses the d-pawn, although it's hard to come up with a good move here.} ( 26...Bxf4 {is also not good:} 27.gxf4 d5 28.Bd3 Qxf4 29.Bg3 {The bishop goes to e5 and Black won't survive long.} ) ( 26...Rcd8 27.Qg4 {with a decisive attack.} ) 27.Rxd6 {The game is decided.} 27...Red8 28.Rxe6 Bd4 29.Bxd4+ Rxd4 30.Bf3 {The sacrifices on g6 are also winning:} ( 30.Bxg6 hxg6 31.Qe5+ Qg7 32.Nxg6+ Kh7 33.Qh5+ Kg8 34.Ne7+ Kf8 35.Nxc8 ) ( 30.Nxg6+ hxg6 31.Rxg6 Qh7 32.Qf2 ) 30...Rcd8 31.Qe5+ Qg7 ( 31...Kg8 32.Re7 {with an easy win.} ) 32.Re8+ {Black loses a rook after} ( 32.Re8+ Rxe8 33.Qxe8+ Qg8 34.Qe5+ Qg7 35.Qxg7+ Kxg7 36.Ne6+ Kf6 37.Nxd4 ) 1-0

[Event "SuperUnited Rapid & Blitz Croatia 2023"]
[Site "Chess.com"]
[Date "2023.07.05"]
[Round "2"]
[White "Anand, Viswanathan"]
[Black "Rapport, Richard"]
[Result "1-0"]
[WhiteElo "2731"]
[BlackElo "2761"]
[ECO "B30"]
[EventDate "2023.??.??"]
[Annotator "rafael"]
[PlyCount "81"]
[Beauty "7630546274313"]
[EventType "blitz"]
[TimeControl "1500+10"]

1.e4 c5 2.Nf3 Nc6 3.Bb5 e6 4.c3 {A rare move, compared to the more popular 4.0-0 or 4.Bxc6.} 4...d5 {A critical reply.} ( 4...Nge7 {is most often played. A recent example continued:} 5.d4 cxd4 6.cxd4 d5 7.Nc3 ( 7.e5 {is also possible.} ) 7...dxe4 8.Nxe4 Nd5 9.O-O Bd7 10.Bg5 f6 11.Bd2 Be7 12.Re1 O-O 13.Nc3 {with a slight advantage for White in Carlsen-Caruana, Speed Chess (blitz) 2022.} ) 5.exd5 Qxd5 {Capturing with the pawn is equally popular.} ( 5...exd5 {It's time for a Carlsen example on the black side.} 6.O-O Nf6 7.d4 Be7 8.dxc5 Bxc5 9.Bg5 O-O 10.Bxf6 Qxf6 11.Qxd5 Bb6 {with some compensation for the pawn, although White can fight for the advantage. Anton Guijarro-Carlsen, Chessable Masters (rapid) 2022.} ) 6.O-O Bd7 7.Re1 {An almost new idea, played only in two games.} ( 7.d4 ) ( 7.d3 ) 7...Nf6 8.Bf1 {This is a theoretical novelty. With the bishop on f1, Anand is ready to play d2-d4.} ( 8.Na3 {was played in Rigo-Horvath, Hungary 1998.} ) 8...Bd6 9.d4 O-O 10.h3 {Probably played to reduce the queen's scope if it goes to h5.} ( 10.Bg5 $5 {[%c_effect g5;square;g5;type;Interesting;persistent;true] poses some problems for Black.} ) 10...cxd4 ( 10...Rad8 {is also possible. If White tries to exploit the queen's position, he has no more than a draw after} 11.c4 Qf5 12.Bd3 Qh5 13.Be2 Qf5 ) 11.cxd4 Ne7 12.Nc3 Qa5 13.Ne5 Bc6 {On the board, we have a position with an isolated queen's pawn, one of the most important pawn structures in chess. Black has firm control over the d5-square, but his queen is in potential danger. The game is equal.} 14.Bf4 {Threatening 15.Nc4.} 14...Bb4 $2 {[%c_effect b4;square;b4;type;Mistake;persistent;true] Black is in trouble after this move, thanks to Anand's excellent reply.} ( 14...Bxe5 {is the simplest way to continue. Black is fine after} 15.dxe5 ( 15.Bxe5 Nfd5 {is also ok.} ) 15...Nfd5 ) 15.a3 $1 {[%c_effect a3;square;a3;type;GreatFind;persistent;true] It turns out that the c3-pawn cannot be captured, and Black is now forced to give up the bishop pair and improve White's pawn structure.} 15...Bxc3 16.bxc3 Ba4 ( 16...Qxc3 {This is the critical reply, but there's a tactical problem. The queen is trapped after} 17.Nc4 $1 {[%c_effect c4;square;c4;type;GreatFind;persistent;true] The rook will go to c1 and Black will have no compensation for the material loss.} ) 17.Qf3 Rac8 $6 {[%c_effect c8;square;c8;type;Inaccuracy;persistent;true] Another mistake in a difficult position.} 18.Qxb7 $1 {[%c_effect b7;square;b7;type;GreatFind;persistent;true] Anand shows good calculation and is not afraid of capturing the pawn.} 18...Ned5 19.Bd2 $1 Rb8 ( 19...Nxc3 {loses after} 20.Qb2 ( 20.Nc4 {is also good.} ) 20...Nfd5 21.Nc4 ) 20.Nc4 $1 ( 20.Qa6 {is also good, but the move played is better and more charming.} ) 20...Qd8 21.Qxa7 Ra8 22.Qb7 Rb8 23.Qa6 Bb5 24.Qd6 {White is two pawns up and has the bishop pair. The position is winning.} 24...Qc8 25.Qc5 Qxc5 26.dxc5 Bxc4 27.Bxc4 Rfc8 28.Bf1 $1 {[%c_effect f1;square;f1;type;GreatFind;persistent;true] Preparing to advance the c-pawn.} 28...Rb2 ( 28...Rxc5 29.c4 Nc7 30.a4 {with an easy win.} ) 29.Bc1 Rc2 30.c4 Ne7 31.a4 Nc6 32.a5 Nd7 33.Be3 Nde5 34.Ra4 Ra8 35.a6 Rb2 36.Rd1 Rb4 37.Rda1 Rb3 38.g4 $1 g5 39.Bg2 h6 40.a7 Rb7 41.f4 {This is simply Anand at his best.} 1-0

[Event "Women's Chess World Championship"]
[Site "Chess.com"]
[Date "2023.07.05"]
[Round "1"]
[White "Lei, Tingjie"]
[Black "Ju, Wenjun"]
[Result "1/2-1/2"]
[WhiteElo "2554"]
[BlackElo "2564"]
[ECO "C67"]
[EventDate "2023.??.??"]
[Annotator "rafael"]
[PlyCount "100"]
[Beauty "5567754014727"]
[EventType "game"]
[TimeControl "40/5400+30:1800+30"]

1.e4 e5 2.Nf3 Nc6 3.Bb5 Nf6 {In a world championship match, the Berlin is always to be expected. Nowadays it's considered the most solid and reliable way to meet the Ruy Lopez.} 4.O-O Nxe4 5.Re1 ( {The famous Berlin endgame begins after} 5.d4 Nd6 6.Bxc6 dxc6 7.dxe5 Nf5 8.Qxd8+ Kxd8 {This position was Kasparov's downfall in his 2000 match against Kramnik. He tried to break it and became frustrated chasing a win that never came. This position was once the absolute main line of this system, but this has changed. Players with White started to think of other ways to fight for an advantage, although the endgame is still regularly seen and Vachier Lagrave is one of the elite grandmasters that still believe in White's chances. He even beat Carlsen in a recent game from this position.} ) 5...Nd6 6.Nxe5 Be7 7.Bf1 Nxe5 8.Rxe5 O-O 9.d4 Bf6 10.Re1 Re8 11.Nc3 $5 {[%c_effect c3;square;c3;type;Interesting;persistent;true] This pawn sacrifice is a fresh move, much less played than 11.c3, 11.Bf4 or 11.Rxe8+.} ( 11.c3 ) ( 11.Bf4 ) ( 11.Rxe8+ ) 11...Rxe1 12.Qxe1 Bxd4 13.Bd3 $5 {[%c_effect d3;square;d3;type;Interesting;persistent;true] An interesting and dangerous move, aimed against Black's idea of finishing development with 13...Ne8 followed by the advance of the d-pawn.} ( 13.Bf4 Ne8 14.Nd5 {has also been tried, but Black is doing OK here.} ) 13...Bxc3 ( 13...Ne8 $4 {[%c_effect e8;square;e8;type;Blunder;persistent;true] loses to} 14.Qe4 ) 14.Qxc3 Ne8 ( 14...b6 {was played recently by Gukesh in an online game, but he didn't solve the opening problems.} 15.Bf4 Bb7 16.Re1 Qf6 $6 17.Qxf6 gxf6 18.Bxd6 cxd6 19.Re3 {with a clear advantage for White in Sadhwani-Gukesh, U20 Speed Chess.com (blitz) 2023.} ) 15.b3 {This position featured in two games from GM Van Foreest, a creative and respected theoretician whose games tend to be followed closely by the chess community due to its abundance of ideas in all phases.} ( 15.Bf4 {was played in an email game where White's idea was first developed.} 15...d6 16.Re1 Be6 {Black equalized and the game was later drawn. Skowronek-Beer, email 2014.} ) 15...d5 {A new move, but hardly surprising. It's very natural and the first choice of the computer.} ( 15...d6 {is less accurate:} 16.Bb2 Bd7 ( 16...Be6 17.Qb4 $1 Bd5 18.Qf4 Nf6 19.Re1 Be6 20.Re3 {with a strong attack on the kingside in Van Foreest-Firouzja, Zagreb (rapid) 2022.} ) ( {If} 16...Qf6 17.Qe1 $1 {[%c_effect e1;square;e1;type;GreatFind;persistent;true] avoids the queen exchange and keeps the pressure.} ) 17.Qb4 $1 {[%c_effect b4;square;b4;type;GreatFind;persistent;true] again this strong plan gives White the advantage.} 17...Bc6 18.Qf4 Qe7 19.Bc3 {Preparing to play 20.Re1.} 19...Nf6 $2 20.Re1 Nd5 21.Bxh7+ {Black resigned in Van Foreest-Sadhwani, Chesskid Cup (blitz) 2023. After} 21...Kxh7 22.Qf5+ {Black's queen is lost.} ) 16.Bf4 {The bishop changes its destination.} ( 16.Bb2 Be6 ( 16...Qf6 17.Re1 Be6 18.Re5 {with compensation for the pawn.} ) 17.Qb4 b6 $1 18.Qf4 c5 {This is a much-improved version for Black compared to the games played by Van Foreest.} ) 16...Be6 17.Re1 {White has the pair of bishops and good piece play, but Black is a pawn up and has no weakness. The position is equal and the Berlin Defense survives once again.} 17...Qd7 18.a4 {Lei was still playing very fast at this point.} 18...Nd6 {Black has many other possible moves. This one is also good.} 19.Re3 {The challenger finally took some time before playing this move. The rook is heading for g3.} 19...Ne4 $5 {[%c_effect e4;square;e4;type;Interesting;persistent;true] Giving the pawn back in order to exchange queens.} ( 19...Bf5 {leads to equality:} 20.Rg3 ( 20.Bxd6 $2 {[%c_effect d6;square;d6;type;Mistake;persistent;true] doesn't work due to} 20...Qxd6 $1 {[%c_effect d6;square;d6;type;GreatFind;persistent;true] and if} 21.Bxf5 d4 {wins material.} ) 20...Bg6 21.h4 Ne4 22.Bxe4 dxe4 23.Qxc7 ( 23.h5 $2 Qd1+ ) 23...Qxc7 24.Bxc7 {with a draw.} ) ( 19...Nf5 {is also possible:} 20.Rh3 {The position is equal according to the machine, but it looks somewhat dangerous for Black to human eyes.} ) 20.Qxc7 ( 20.Bxe4 $2 d4 ) 20...Qxc7 21.Bxc7 Nc5 $1 {[%c_effect c5;square;c5;type;GreatFind;persistent;true] The game is very close to a draw.} 22.Bf1 Rc8 $6 {[%c_effect c8;square;c8;type;Inaccuracy;persistent;true] This makes Black's defensive task more difficult. Both 22...d4 and 22...Bf5 lead to an equal position.} ( 22...d4 23.Re5 b6 $1 ( 23...Nd7 24.Rb5 b6 25.Bd6 {is better for White.} ) 24.a5 d3 $1 25.cxd3 Rc8 26.axb6 axb6 27.Bd6 ( 27.Bxb6 $2 Nd7 {loses material.} ) 27...Bxb3 {with a likely draw.} ) ( 22...Bf5 {is the simplest:} 23.Rc3 Ne4 ( 23...Ne6 24.Bg3 Rd8 ) 24.Rf3 Bg6 {with equality.} ) 23.Be5 Nd7 24.Bd3 Nc5 ( 24...Nxe5 25.Rxe5 {The endgame is still close to a draw, but Black will have to suffer a little with the isolated queen's pawn.} ) 25.Be2 Nd7 26.Bc3 a6 $6 ( 26...d4 $1 {[%c_effect d4;square;d4;type;GreatFind;persistent;true] is better:} 27.Bxd4 Rxc2 {The position is more or less equal since Black's activity compensates the pair of bishops.} ) 27.h4 Nf8 ( 27...d4 28.Bxd4 Rxc2 29.a5 $1 {[%c_effect a5;square;a5;type;GreatFind;persistent;true] The endgame is more dangerous for Black now. The queenside structure is fixed and the b7-pawn is weak.} ) 28.g4 {A good move, preventing …Bf5. There's another good option:} ( 28.Bd1 $1 {[%c_effect d1;square;d1;type;GreatFind;persistent;true] is a superb prophylactic move suggested by the computer, defending the pawn and freeing the c3-bishop. The main plan now is Bd4-c3 and torture Black for a long time. But before doing that, White might also consider advancing the kingside or bringing the king to the center. The advantage is clear.} ) 28...f5 $6 {[%c_effect f5;square;f5;type;Inaccuracy;persistent;true] A good idea with a tactical flaw.} ( 28...Ng6 29.h5 Nf4 30.Bd1 {The knight is unstable on f4.} ) ( 28...Bd7 $1 {[%c_effect d7;square;d7;type;GreatFind;persistent;true] followed by 29...Ne6 is the best way to defend.} ) 29.gxf5 $6 ( 29.Bb4 $1 {[%c_effect b4;square;b4;type;GreatFind;persistent;true] is very unpleasant for Black.} 29...Kf7 ( 29...Bf7 $2 30.gxf5 Rxc2 31.Re7 {with a winning advantage.} ) ( 29...f4 {doesn't help:} 30.Re5 ( 30.Rc3 {is also good.} ) 30...Kf7 31.Bxf8 $1 Rxf8 32.g5 {with a very difficult endgame for Black.} ) 30.gxf5 Bxf5 31.Re7+ Kf6 32.c4 {White has excellent winning chances.} ( 32.Rxb7 {is also possible, although Black has some counterplay after} 32...Rxc2 33.Bxa6 Ne6 ) ) 29...Bxf5 30.Bf3 Be4 $1 {[%c_effect e4;square;e4;type;GreatFind;persistent;true] This move saves Black.} 31.Bxe4 dxe4 32.Bb4 Re8 {This is somewhat passive. Black had other options.} ( 32...Rxc2 33.Rxe4 Rc8 $1 {[%c_effect c8;square;c8;type;GreatFind;persistent;true] An important move.} ( 33...Ng6 $2 34.h5 {The knight has no good squares.} ) ( 33...Kf7 $2 34.Rf4+ {wins the poor knight.} ) ( 33...Nd7 $2 34.Re8+ Kf7 35.Re7+ {game over.} ) ( 33...Rc7 $2 34.Re8 Rf7 35.h5 {Black is in a sad type of zugzwang. Her pieces can barely move.} ) 34.Re7 ( 34.h5 Nd7 35.Re7 Nc5 $1 {[%c_effect c5;square;c5;type;GreatFind;persistent;true] with a probable draw.} ) 34...Ng6 35.Rxb7 Nxh4 {Black should be able to achieve a draw, although it still looks dangerous.} ) ( 32...Ne6 {is a very interesting pawn sacrifice.} 33.Rxe4 Kf7 34.c3 ( 34.c4 Rd8 ) 34...Rd8 {Black has good compensation with the active rook and knight.} ) 33.Bxf8 {Since we all know that \"all rook endgames are drawn\", it's better to look for another move here.} ( 33.f3 $1 {[%c_effect f3;square;f3;type;GreatFind;persistent;true] poses more problems:} 33...Ng6 34.Be1 $1 Ne5 $1 ( 34...Rc8 $2 {[%c_effect c8;square;c8;type;Mistake;persistent;true] Black shouldn't try to restore material equality since the position is horrible after} 35.Rxe4 Rxc2 36.h5 $1 Nf8 37.Bb4 $1 Rc8 38.Re7 ) 35.fxe4 Rc8 {The compensation should be enough to achieve a draw, although a pawn is a pawn.} ) 33...Kxf8 34.Kf1 Kf7 ( 34...b5 $1 {[%c_effect b5;square;b5;type;GreatFind;persistent;true] is more accurate.} 35.axb5 ( 35.a5 b4 ) 35...axb5 36.Rc3 Re5 ) 35.Ke2 ( 35.Rc3 $1 {[%c_effect c3;square;c3;type;GreatFind;persistent;true] White can activate the rook with some practical winning chances.} ) 35...Kf6 36.Rg3 ( 36.Rc3 {again this is possible.} ) 36...b5 $1 37.axb5 axb5 38.Rg5 Rc8 ( 38...Re5 39.Rxe5 Kxe5 {You always have to be extra careful when going for a pawn endgame, especially when it's not really necessary. That said, the computer shows a draw here as well, for instance:} 40.c3 Kf4 41.c4 bxc4 42.bxc4 Ke5 43.Ke3 g6 44.f3 exf3 45.Kxf3 Kd4 ) 39.Kd2 Rd8+ 40.Ke3 ( 40.Kc3 Rc8+ 41.Kb2 {This is a possible winning attempt, but Black is fine with careful play.} 41...b4 42.Rb5 Rf8 $1 43.Rxb4 Ke5 {The f2-pawn falls.} ) 40...Rc8 41.Rxb5 Rxc2 42.b4 Rc3+ 43.Kxe4 Rc4+ 44.Kf3 ( 44.Kd5 {Black's counterplay is fast enough after} 44...Rxh4 45.Rb8 h5 46.Kc5 Rh1 47.b5 h4 ) 44...Rxh4 45.Rb6+ Kg5 46.Rb7 g6 47.b5 Rb4 48.Rxh7 Rxb5 49.Kg3 Rb3+ 50.f3 Kf6 1/2-1/2